 Dungeon Crawl Stone Soup version 0.31-a0-986-g5e6e4ef867 (webtiles) character file.

Game seed: 3312803402402505640

625 jasper the Ruffian (level 7, -13/54 HPs)
             Began as a Demonspawn Cinder Acolyte on Nov 3, 2023.
             Was an Elder of Ignis.
             Killed by divine providence
             ... invoked by an orc priest
              (15 damage)
             ... on level 4 of the Dungeon.
             The game lasted 00:07:44 (3392 turns).

jasper the Ruffian (Demonspawn Cinder Acolyte)      Turns: 3392, Time: 00:07:45

Health: -13/54     AC: 16    Str: 15    XL:     7   Next: 23%
Magic:  8/8        EV:  9    Int: 15    God:    Ignis [****..]
Gold:   255        SH:  0    Dex: 10    Spells: 6/8 levels left

rFire   + .          .
                       - Unarmed
rCold   . . .        (no shield)
rNeg    . . .        k - +1 scale mail
rPois   .            (helmet restricted)
rElec   .            (no cloak)
rCorr   .            (no gloves)
SInv    .            (no boots)
Will    .....        (no amulet) Stlth
                     (no ring)
HPRegen 0.29/turn    (no ring)
MPRegen 0.11/turn

%: no passive effects
@: fiery-armoured
A: horns 2, slimy green scales 1, demonic magic 1
a: Renounce Religion, Fiery Armour, Foxfire Swarm, Rising Flame


You were on level 4 of the Dungeon.
You worshipped Ignis.
Ignis was greatly pleased with you.
You visited 1 branch of the dungeon, and saw 4 of its levels.

You collected 255 gold pieces.

Inventory:

Missiles
 c - 41 stones (quivered)
 e - 4 poisoned darts
Armour
 a - a +0 robe
 g - a +0 chain mail
 k - a +1 scale mail (worn)
Talismans
 o - a beast talisman
Wands
 i - a wand of flame (21)
Scrolls
 l - a scroll of revelation
 n - a scroll of teleportation
Potions
 b - 2 potions of curing
 d - 2 potions of heal wounds
 f - a potion of invisibility {unknown}
 h - a potion of might {unknown}
 j - 2 potions of enlightenment {unknown}
 m - 2 potions of ambrosia {unknown}


   Skills:
 - Level 4.0 Fighting
 - Level 3.0 Throwing
 - Level 2.2 Dodging
 - Level 4.4 Unarmed Combat
 - Level 1.0 Spellcasting
 - Level 2.6 Fire Magic
 + Level 4.0 Evocations


You had 6 spell levels left.
You knew the following spells:

 Your Spells              Type           Power      Damage    Failure   Level
a - Scorch                Fire           16%        2d5       45%         2

Your spell library contained the following spells:

 Spells                   Type           Power      Damage    Failure   Level
 Slow                     Hex            0%         N/A       71%         1
 Poisonous Vapours        Pois/Air       0%         N/A       83%         2
 Volatile Blastmotes      Fire/Tloc      8%         2d10      87%         3
 Confusing Touch          Hex            0%         N/A       97%         3
 Dazzling Flash           Conj/Hex       0%         N/A       97%         3
 Mephitic Cloud           Conj/Pois/Air  0%         N/A       97%         3
 Sigil of Binding         Hex            0%         N/A       97%         3
 Vampiric Draining        Necr           0%         2d6       97%         3
 Fulminant Prism          Conj/Hex       0%         3d5       100%        4
 Iskenderun's Mystic Bla  Conj/Tloc      0%         2d3       100%        4
 Agony                    Necr           0%         N/A       100%        5
 Freezing Cloud           Conj/Ice/Air   0%         6-21      100%        5
 Silence                  Hex/Air        0%         N/A       100%        5


Dungeon Overview and Level Annotations

Branches:
Dungeon (4/15)
 Temple: D:4-7

Altars:
Qazlal
Uskayaw


Innate Abilities, Weirdness & Mutations

You have a pair of horns on your head.
You are partially covered in slimy green scales. (AC +2)
Spells you cast may paralyse adjacent enemies.


Message History

The goblin hits you with a +0 dagger.
You take 3 damage, and have 36/54 hp.
You punch the goblin!
You kill the goblin!
The goblin no longer looks unusually strong.
You barely miss the goblin. The goblin hits you but does no damage.
You are electrocuted!
You take 9 damage, and have 27/54 hp.
You closely miss the goblin.
The goblin hits you with a +2 dagger of electrocution.
You are electrocuted!
* * * LOW HITPOINT WARNING * * *
You take 17 damage, and have 10/54 hp.
MASSIVE DAMAGE!!
You closely miss the goblin. The goblin barely misses you.
You hit the goblin.
You kill the goblin!
You hit the hobgoblin. You headbutt the hobgoblin.
You kill the hobgoblin!
The goblin barely misses you.
Items here: ))) [[ ††.
You closely miss the goblin. Your headbutt misses the goblin.
You punch the goblin!
You kill the goblin!
Your Evocations skill increases to level 4!
Things that are here:
a +0 club; a goblin corpse
Items here: ))) [[ ††.
Okay, then.
An orc priest comes into view. It is wielding a +0 club.
You regained 4 hp, and now have 16/54 hp.
An orc priest is nearby!
A protective cloak of flame settles atop you.
The orc priest invokes the aid of Beogh against you.
Beogh smites you!
* * * LOW HITPOINT WARNING * * *
Items here: )))) †.
You take 14 damage, and have 2/54 hp.
MASSIVE DAMAGE!!
The orc priest calls down the wrath of Beogh upon you.
Beogh smites you!
You die...

.#...# #.# # .# #. .
.#...# #.# .#...##.. #.#
.##.###.. #.# . ....#
#... #.# #. ....#
#...##.######... . ....#
#.............♣...
....######.#.#####....#.
.............)))@)o.....
....######.#.######.##..
.......###.#..#
..........$##.#
......####...g## #######
#.##g.# # # #.g...# #
#.###.# #


#gg .. You could see an orc priest.

Vanquished Creatures
  Grinder (D:3)
  Sigmund (D:3)
  Jessica (D:2)
  3 orc wizards
  Robin (D:4)
  4 gnolls (D:2)
  6 adders
  2 worms (D:2)
  6 orcs
  4 bats (D:1)
  2 endoplasms
  A giant cockroach (D:1)
  20 goblins
  8 hobgoblins
  2 jackals (D:1)
  2 quokkas
  5 ball pythons
  4 frilled lizards (D:2)
  6 kobolds
  2 rats (D:1)
81 creatures vanquished.

Notes
Turn   | Place    | Note
-------+----------+-------------------------------------------
     0 | D:1      | jasper the Demonspawn Cinder Acolyte began the quest for
                  | the Orb.
     0 | D:1      | Reached XP level 1. HP: 18/18 MP: 2/2
   417 | D:1      | Gained mutation: You are partially covered in slimy green
                  | scales. (AC +2) [demonic ancestry]
   417 | D:1      | Reached XP level 2. HP: 22/24 MP: 3/3
   420 | D:1      | Learned a level 2 spell: Scorch
   910 | D:1      | Reached skill level 1 in Dodging
  1245 | D:2      | Reached XP level 3. HP: 29/29 MP: 4/4
  1374 | D:2      | Noticed Jessica
  1547 | D:2      | Killed Jessica
  1572 | D:2      | Gained mutation: You have a pair of small horns on your
                  | head. [demonic ancestry]
  1572 | D:2      | Reached XP level 4. HP: 35/35 MP: 5/5
  1833 | D:2      | Reached XP level 5. HP: 25/42 MP: 6/6
  1976 | D:2      | Found a stormy altar of Qazlal.
  2461 | D:3      | Noticed Grinder
  2475 | D:3      | Killed Grinder
  2476 | D:3      | Reached skill level 1 in Evocations
  2476 | D:3      | Gained mutation: Spells you cast may paralyse adjacent
                  | enemies. [demonic ancestry]
  2476 | D:3      | Reached XP level 6. HP: 43/48 MP: 7/7
  2557 | D:3      | Noticed Sigmund
  2569 | D:3      | Killed Sigmund
  2570 | D:3      | Gained mutation: You have a pair of horns on your head.
                  | [demonic ancestry]
  2570 | D:3      | Reached XP level 7. HP: 44/54 MP: 8/8
  2618 | D:3      | Found a hide-covered altar of Uskayaw.
  3332 | D:4      | Noticed Robin
  3360 | D:4      | Killed Robin
  3391 | D:4      | HP: 2/54 [orc priest/divine providence (14)]
  3392 | D:4      | Killed from afar by an orc priest

Illustrated notes

Levels and vault maps discovered:
D:1:      dpeg_arrival_circle_labyrinth_c, layout_basic,
          corexii_leaking_fountain, chequers_serial_rivers_marsh,
          hangedman_abyss_or_decor_lesser_grid
D:2:      layout_rooms, basic_altar, uniq_jessica
D:3:      layout_loops_cross, nicolae_uskayaw_suspiria, uniq_sigmund,
          uniq_grinder
D:4:      layout_basic, grunt_gozag_statues, nicolae_kite_square_tiling_tiny,
          serial_bayou_pond_e, uniq_robin

Skill      XL: |  1  2  3  4  5  6  7 |
---------------+----------------------+-----
Unarmed Combat | 3 4 |  4.4
Dodging        | 1 2 |  2.2
Fighting       | 4 |  4.0
Throwing       | 3 |  3.0
Evocations     | 1 3 4 |  4.0
Spellcasting   | |  1.0
Fire Magic     | |  2.6

Action                     |  1- 3 |  4- 6 |  7- 9 || total
---------------------------+-------+-------+-------++-------
  Melee: Unarmed           |   129 |   105 |    61 ||   295
         Punch             |     1 |     2 |       ||     3
         Headbutt          |       |    15 |    15 ||    30
 Invoke: Fiery Armour      |     1 |     3 |     1 ||     5
    Use: Scroll            |     3 |     3 |     3 ||     9
 Armour: Chain mail        |    64 |       |       ||    64
         Robe              |    10 |       |       ||    10
         Scale mail        |    37 |    63 |    49 ||   149
  Dodge: Dodged            |    50 |    42 |    18 ||   110

Table legend: (Time is in decaauts)
 A = Elapsed time spent in this place.
 B = Non-inter-level travel time spent in this place.
 C = Inter-level travel time spent in this place.
 D = Time resting spent in this place.
 E = Time spent auto-exploring this place.
 F = Levels seen in this place.
 G = Mean time per level.
                   A        B        C        D        E       F      G
               +--------+--------+--------+--------+--------+-----+--------+
         Total |   3371 |   3327 |     44 |    412 |   2200 |   4 |  842.8 |
       Dungeon |   3371 |   3327 |     44 |    412 |   2200 |   4 |  842.8 |
               +--------+--------+--------+--------+--------+-----+--------+

Top non-repeatable levels by time:
     D:1: 1380 daAuts
     D:3: 862 daAuts
     D:2: 732 daAuts
     D:4: 395 daAuts
